 Seeded DCSS version 0.30-a0-956-gcec3b41aec (webtiles) character file.

Game seed: 13137397067068997422 (custom seed)

23167 mistaj the Fighter (level 13, 0/74 HPs)
             Began as a Vine Stalker Fighter on Mar 29, 2023.
             Was an Initiate of Gozag.
             Slain by a catoblepas (10 damage)
             ... while petrified by a catoblepas
             ... on level 1 of the Lair of Beasts on Mar 30, 2023.
             The game lasted 00:23:20 (11634 turns).

mistaj the Fighter (Vine Stalker Fighter)          Turns: 11634, Time: 00:23:20

Health: 0/74       AC: 16    Str: 20    XL:     13   Next: 5%
Magic:  0/14       EV:  2    Int: 10    God:    Gozag
Gold:   4043       SH:  0    Dex: 21    Spells: 12/12 levels left

rFire   + + .      SeeInvis +    n - +2 hand axe (heavy)
rCold   + + .      Faith    .    f - +6 tower shield of Too Many Cooks {rN++ SInv}
rNeg    + + +      Spirit   +    I - +2 chain mail {rC+}
rPois   ∞          Reflect  +    o - +0 helmet
rElec   .          Rampage  .    l - scarf "Qagel" {shadows, Dex+5 Slay+2}
rCorr   .          NoTele   +    a - +2 pair of gloves of Contumacious Salvation {-Tele rPois rF++ SInv}
Will    +....                    e - +0 pair of boots Stlth
                                 m - amulet of reflection
HPRegen 1.12/turn                B - ring of protection from cold
MPRegen 0.14/turn                b - +4 ring of slaying

@: petrified, gold aura
A: fangs 3, regeneration 1, magic shield, antimagic bite, no potion heal 2
a: Renounce Religion, Potion Petition, Call Merchant, Bribe Branch


You were on level 1 of the Lair of Beasts.
You worshipped Gozag.
Gozag was most pleased with you.
You visited 2 branches of the dungeon, and saw 14 of its levels.
You also visited: Sewer and Bailey.

You collected 4105 gold pieces.
You paid 62 gold pieces to Gozag.

Inventory:

Hand Weapons
 n - a +2 heavy hand axe (weapon)
 q - a +0 broad axe of electrocution
 P - a +2 scimitar of flaming
Missiles
 z - 3 throwing nets
 C - 4 silver boomerangs (quivered)
Armour
 a - the +2 pair of gloves of Contumacious Salvation (worn) {-Tele rPois rF++ SInv}
   (You acquired it on level 1 of the Lair of Beasts)

   rF:        It greatly protects you from fire.
   rPois:     It protects you from poison.
   SInv:      It lets you see invisible.
   -Tele:     It prevents most forms of teleportation.
 e - a +0 pair of boots (worn)
 f - the +6 tower shield of Too Many Cooks (worn) {rN++ SInv}
   (You acquired it on level 1 of the Dungeon)

   rN:        It greatly protects you from negative energy.
   SInv:      It lets you see invisible.
 l - the scarf "Qagel" (worn) {shadows, Dex+5 Slay+2}
   (You acquired it on level 3 of the Dungeon)

   Dex:       It affects your dexterity (+5).
   Slay:      It affects your accuracy & damage with ranged weapons and melee
   (+2).
 o - a +0 helmet (worn)
 y - a +1 ring mail of fire resistance
 I - a +2 chain mail of cold resistance (worn)
Jewellery
 b - a +4 ring of slaying (right hand)
 m - an amulet of reflection (around neck)
 t - a ring of positive energy
 B - a ring of protection from cold (left hand)
 L - a ring of protection from fire
 N - an amulet of regeneration
Wands
 k - a wand of roots (6)
 s - a wand of paralysis (8)
 F - a wand of digging (8)
Scrolls
 i - 7 scrolls of teleportation
 j - 7 scrolls of identify
 w - a scroll of amnesia
 x - 5 scrolls of enchant armour
 A - a scroll of fog
 E - 2 scrolls of enchant weapon
 G - 3 scrolls of magic mapping
 H - 2 scrolls of silence
 O - 2 scrolls of blinking
Potions
 c - 8 potions of curing
 d - 8 potions of might
 g - 6 potions of mutation
 h - a potion of cancellation
 p - 5 potions of haste
 r - a potion of berserk rage
 u - 2 potions of flight
 v - 3 potions of brilliance
 D - a potion of magic
 J - 2 potions of ambrosia
 M - 2 potions of attraction


   Skills:
 + Level 11.8 Fighting
 + Level 11.7 Axes
 - Level 2.4 Armour
 + Level 11.8 Shields


You had 12 spell levels left.
You didn't know any spells.
Your spell library contained the following spells:

 Spells                   Type           Power      Damage    Failure   Level
 Freeze                   Ice            0%         1d3       100%        1
 Shock                    Conj/Air       0%         1d3       100%        1
 Cigotuvi's Dreadful Rot  Necr/Pois/Air  0%         N/A       100%        2
 Ensorcelled Hibernation  Hex/Ice        0%         N/A       100%        2
 Passwall                 Tmut/Erth      0%         N/A       100%        2
 Dazzling Flash           Conj/Hex       0%         N/A       100%        3
 Frozen Ramparts          Ice            0%         1d1       100%        3
 Hailstorm                Conj/Ice       0%         3d3       100%        3
 Summon Guardian Golem    Hex/Summ       0%         N/A       100%        3
 Swiftness                Air            0%         N/A       100%        3
 Airstrike                Air            0%         2d(0-16)  100%        4
 Dispel Undead            Necr           0%         3d6       100%        4
 Agony                    Necr           0%         N/A       100%        5
 Silence                  Hex/Air        0%         N/A       100%        5
 Yara's Violent Unravell  Hex/Tmut       0%         3d3       100%        5
 Death Channel            Necr           0%         N/A       100%        6
 Enfeeble                 Hex            0%         N/A       100%        7
 Orb of Destruction       Conj           0%         9d5       100%        7
 Spellforged Servitor     Conj/Summ      0%         N/A       100%        7
 Chain Lightning          Conj/Air       0%         N/A       100%        9
 Fire Storm               Conj/Fire      0%         5d1       100%        9
 Shatter                  Erth           0%         3d5*      100%        9


Dungeon Overview and Level Annotations

Branches:
Dungeon (13/15)            Temple (0/1) D:5            Lair (1/5) D:9
    Orc (0/2) D:12          Sewer (visited)          Bailey (visited)
 Vaults: D:13-14

Altars:
Ashenzari
Cheibriados
Dithmenos
Gozag
Kikubaaqudgha
Makhleb
Trog
Vehumet
Wu Jian
Xom
Yredelemnul
Zin
The Shining One

Shops:
D:5 *   D:8 *

Annotations:
D:12 2 runed translucent doors


Innate Abilities, Weirdness & Mutations

You have razor-sharp teeth.
Your natural rate of healing is unusually fast.
When hurt, damage is shared between your health and your magic reserves.
Your bite disrupts and absorbs the magic of your enemies.
Potions cannot restore your health.


Message History

You feel invigorated.
The catoblepas is moderately wounded.
You slash the cane toad!
You are engulfed in calcifying dust.
The catoblepas gores you!!
* * * LOW HITPOINT WARNING * * *
The cane toad barely misses you. You block the catoblepas's attack.
You hit the catoblepas but do no damage.
You bite the catoblepas, but do no damage.
The catoblepas is moderately wounded.
You slash the cane toad!
You kill the cane toad!
You are engulfed in calcifying dust.
You block the catoblepas's attack.
You slash the catoblepas! You bite the catoblepas. You drain its power.
You feel invigorated.
The catoblepas is heavily wounded.
You are engulfed in calcifying dust.
You block the catoblepas's attack. x2
Unknown command.
You hit the catoblepas. You bite the catoblepas! You drain its power.
You feel invigorated.
The catoblepas is heavily wounded.
You are engulfed in calcifying dust.
You are slowing down.
You block the catoblepas's attack.
You slice the catoblepas!! You bite the catoblepas. You drain its power.
You feel invigorated.
The catoblepas is almost dead.
You block the catoblepas's attack. The catoblepas gores you.
* * * LOW HITPOINT WARNING * * *
You have turned to stone.
The catoblepas breathes a plume of calcifying dust at you.
The blast of calcifying dust hits you but does no damage.
You are engulfed in calcifying dust.
The catoblepas breathes a plume of calcifying dust at you.
The blast of calcifying dust hits you!
* * * LOW HITPOINT WARNING * * *
You are engulfed in calcifying dust.
The catoblepas gores you!
* * * LOW HITPOINT WARNING * * *
You are engulfed in calcifying dust.
The catoblepas gores you!!
You die...
Your body crumbles into a pile of gold.

#........P....P( ##
##....#...+...((.
##.##.....#####.....
.................... .
..................# .#.
..................#....
.......................
.........##.#.###.#+#..
........#....§§@Y.....
.......#.......$...#.
...................#
.......#...........+
#P....#...........#
##....#.............
... ............#.


You could see a catoblepas.

Vanquished Creatures
  2 vault guards (Bailey)
  A boulder beetle (D:12)
  2 two-headed ogres
  Urug (D:10)
  Nergalle (D:10)
  An ugly thing (D:12)
  4 cyclopes
  Maurice (D:9)
  3 gargoyles (D:12)
  2 cane toads (Lair:1)
  2 komodo dragons
  A rime drake (Lair:1)
  A kobold demonologist (D:11)
  An efreet (D:13)
  2 trolls
  Prince Ribbit (Bailey)
  Sigmund (D:4)
  2 wraiths (D:12)
  2 shadows
  4 humans
  2 wyverns
  Eustachio (D:4)
  24 yaks
  3 vampire mosquitoes (D:12)
  3 steam dragons
  A warg (D:12)
  Duvessa (D:4)
  3 acid dragons
  3 water moccasins
  3 sky beasts
  7 orc warriors
  3 ice beasts
  3 black bears
  9 centaurs
  3 ogres
  2 phantoms (D:6)
  Blork the orc (D:4)
  A kobold brigand (D:9)
  20 bullfrogs
  2 gnoll sergeants
  3 scorpions
  9 wights
  Dowan (D:4)
  6 killer bees (D:9)
  6 howler monkeys
  4 orc priests
  A hound (D:5)
  2 jellies
  A sleepcap (D:6)
  An iguana (D:5)
  Terence (D:3)
  8 orc wizards
  16 gnolls
  10 adders
  6 river rats (Sewer)
  A shadow imp (D:6)
  3 white imps
  4 worms
  5 dart slugs
  36 orcs
  6 endoplasms
  8 giant cockroaches
  12 goblins
  8 hobgoblins
  3 quokkas
  18 ball pythons
  6 bats
  4 frilled lizards
  12 kobolds
  34 rats
  A spectral orc (D:7)
366 creatures vanquished.

Vanquished Creatures (others)
  A deep elf pyromancer (D:12)
  2 demonic plants (D:3)
  11 fungi
  8 plants
22 creatures vanquished.

Grand Total: 388 creatures vanquished

Notes
Turn   | Place    | Note
-------+----------+-------------------------------------------
     0 | D:1      | mistaj the Vine Stalker Fighter began the quest for the
                  | Orb.
     0 | D:1      | Reached XP level 1. HP: 11/11 MP: 2/2
   133 | D:1      | Reached XP level 2. HP: 14/16 MP: 3/3
   161 | D:1      | Identified a scroll of acquirement
   161 | D:1      | Acquired the +6 tower shield of Too Many Cooks {rN++ SInv}
   551 | D:1      | Reached XP level 3. HP: 18/20 MP: 1/4
   690 | D:2      | Found Xexamnid's Weapon Shoppe.
   794 | D:2      | Gained mutation: Your natural rate of healing is unusually
                  | fast. [Vine Stalker growth]
   794 | D:2      | Reached XP level 4. HP: 24/24 MP: 5/5
  1242 | D:3      | Found an ornate altar of the Wu Jian Council.
  1274 | D:3      | Found a faded altar of an unknown god.
  1309 | D:3      | Acquired the scarf "Qagel" {shadows, Dex+5 Slay+2}
  1576 | D:3      | Noticed Terence
  1590 | D:3      | Killed Terence
  1591 | D:3      | Reached XP level 5. HP: 29/29 MP: 6/6
  1781 | D:3      | Found a broken altar of Ashenzari.
  2266 | D:4      | Noticed an ogre
  2273 | D:4      | Killed an ogre
  2274 | D:4      | Reached XP level 6. HP: 12/33 MP: 2/7
  2443 | D:4      | Found an opulent altar of Gozag.
  2473 | D:4      | Became a worshipper of Gozag Ym Sagoz the Greedy
  2539 | D:4      | Found a glowing silver altar of Zin.
  2666 | D:4      | Noticed Dowan
  2667 | D:4      | Noticed Duvessa
  2667 | D:4      | Noticed Sigmund
  2683 | D:4      | Killed Duvessa
  2684 | D:4      | Reached XP level 7. HP: 15/38 MP: 8/8
  2687 | D:4      | Killed Sigmund
  2689 | D:4      | Killed Dowan
  2690 | D:4      | Reached skill level 5 in Fighting
  2961 | D:4      | Noticed Eustachio
  2999 | D:4      | Killed Eustachio
  3000 | D:4      | Reached skill level 5 in Shields
  3025 | D:4      | Gained mutation: You have razor-sharp teeth. [Vine Stalker
                  | growth]
  3025 | D:4      | Reached XP level 8. HP: 43/43 MP: 9/9
  3086 | D:4      | Reached skill level 5 in Axes
  3286 | D:4      | You fall into a shaft and drop 3 floors!
  3291 | D:7      | Found a basalt altar of Yredelemnul.
  3482 | D:6      | Reached XP level 9. HP: 49/49 MP: 10/10
  3715 | D:6      | Found a shadowy altar of Dithmenos.
  4044 | D:6      | Acquired a +4 ring of slaying
  4102 | D:5      | Entered Level 5 of the Dungeon
  4201 | D:5      | Found Fattoqam's Elemental Accessories.
  4214 | D:5      | Found a glowing drain.
  4242 | Sewer    | Entered a sewer
  4721 | D:5      | Reached XP level 10. HP: 48/56 MP: 11/11
  5002 | D:5      | Found a staircase to the Ecumenical Temple.
  5179 | D:4      | Noticed Blork the orc
  5186 | D:4      | Killed Blork the orc
  5211 | D:4      | Found a snail-covered altar of Cheibriados.
  5685 | D:7      | Found an ancient bone altar of Kikubaaqudgha.
  5757 | D:7      | Found a glowing golden altar of the Shining One.
  6579 | D:8      | Found Liozef's General Store.
  6856 | D:8      | Found a shimmering altar of Xom.
  7065 | D:8      | Identified the +0 plate armour "Bouxoar" {Rampage}
  7140 | D:8      | Found a radiant altar of Vehumet.
  7585 | D:9      | Noticed Maurice
  7598 | D:9      | Killed Maurice
  7608 | D:9      | Found a burning altar of Makhleb.
  7633 | D:9      | Found a flagged portal.
  7648 | Bailey   | Entered a bailey
  7737 | Bailey   | Reached XP level 11. HP: 56/62 MP: 12/12
  7778 | Bailey   | Noticed a vault guard
  7794 | Bailey   | Killed a vault guard
  7844 | Bailey   | Noticed Prince Ribbit
  7844 | Bailey   | Noticed a vault guard
  7865 | Bailey   | Killed a vault guard
  7868 | Bailey   | Killed Prince Ribbit
  7931 | Bailey   | Acquired 983 gold pieces
  8028 | D:9      | Found a staircase to the Lair.
  8252 | D:9      | Noticed a two-headed ogre
  8274 | D:9      | Killed a two-headed ogre
  8470 | D:9      | Reached skill level 10 in Fighting
  8507 | D:9      | Found a bloodstained altar of Trog.
  8645 | D:9      | Reached skill level 10 in Shields
  8791 | D:10     | Entered Level 10 of the Dungeon
  8809 | D:9      | Reached skill level 10 in Axes
  8987 | D:10     | Noticed a two-headed ogre
  8990 | D:10     | Noticed Nergalle
  8992 | D:10     | Killed a two-headed ogre
  8998 | D:10     | Killed Nergalle
  8999 | D:10     | Reached XP level 12. HP: 64/68 MP: 13/13
  9249 | D:10     | Noticed Urug
  9255 | D:10     | Killed Urug
 10317 | D:12     | Noticed a boulder beetle
 10336 | D:12     | Killed a boulder beetle
 10432 | D:12     | Found a staircase to the Orcish Mines.
 10571 | D:12     | Found a large runed translucent door.
 10572 | D:12     | Found a large runed translucent door.
 11037 | D:12     | Noticed a two-headed ogre
 11420 | Lair:1   | Entered Level 1 of the Lair of Beasts
 11437 | Lair:1   | Reached XP level 13. HP: 74/74 MP: 14/14
 11538 | Lair:1   | Acquired the +2 pair of gloves of Contumacious Salvation
                  | {-Tele rPois rF++ SInv}
 11634 | Lair:1   | Slain by a catoblepas

Illustrated notes

Levels and vault maps discovered:
D:1:      dpeg_arrival_long_road, layout_basic
D:2:      layout_rooms, serial_shops, nicolae_shop_bloodbath_and_beyond
D:3:      layout_loops_corners, lemuel_round_altar,
          mainiacjoe_overflow_alcove_4, shapermc_ecumenical_altar_gd,
          minmay_misc_feat_roman, uniq_terence
D:4:      cheibrodos_old_hovel, layout_basic, kennysheep_mini,
          nicolae_gozag_cash_rules_everything_around_me, zin_statuary,
          uniq_eustachio, uniq_duvessa, uniq_blork_the_orc, uniq_sigmund
D:5:      layout_basic, minmay_temple_entry_antechambers, portal_sewer_entry_b,
          nicolae_elemental_shop
D:6:      layout_rooms, grunt_dithmenos_shadows, centaur_isle
D:7:      layout_rooms, yredelemnul_forgotten_temple_becter,
          mainiacjoe_overflow_boulevard, general_overflow_altar
D:8:      layout_layer_cave, lemuel_doored_altar, mainiacjoe_overflow_24_doors,
          serial_shops, shop
D:9:      layout_basic, overflow_temple_1_default, mainiacjoe_overflow_paths,
          grunt_lair_entry_orc_guard_hut, enter_bailey_5,
          hangedman_decor_points, minmay_quadrilaterals, uniq_maurice
D:10:     layout_basic, uniq_urug, uniq_nergalle
D:11:     layout_roguey
D:12:     okawaru_arena_lexackson, layout_loops_cross, david_orc_1_choice
D:13:     layout_rooms, ximxim_vaults_locker_room, uniq_rupert, uniq_erolcha
Lair:1:   layout_chaotic_city, serial_bayou_shore_b, lemuel_fruit_tree

Skill      XL: |  1  2  3  4  5  6  7  8  9 10 11 12 |
---------------+-------------------------------------+-----
Axes           | 2 3 4 6 7 8 10 11 | 11.7
Fighting       | 3 4 5 6 7 9 10 11 | 11.8
Shields        | 3 4 5 6 7 9 10 11 | 11.8
Armour         | |  2.4

Action                     |  1- 3 |  4- 6 |  7- 9 | 10-12 | 13-15 || total
---------------------------+-------+-------+-------+-------+-------++-------
  Melee: War axe           |    93 |   102 |   253 |   133 |       ||   581
         Bite              |    18 |    28 |    61 |   167 |     7 ||   281
         Hand axe          |       |       |       |   329 |    12 ||   341
    Use: Scroll            |     3 |     2 |     3 |    21 |     4 ||    33
   Stab: Distracted        |       |     1 |     1 |     1 |       ||     3
 Armour: Scale mail        |    35 |    29 |    37 |       |       ||   101
         Ring mail         |       |       |    26 |    34 |       ||    60
         Chain mail        |       |       |       |    46 |     6 ||    52
  Dodge: Dodged            |    19 |    14 |    35 |    46 |     3 ||   117
  Block: Buckler           |     7 |       |       |       |       ||     7
         Tower shield      |    78 |   121 |   370 |   648 |    19 ||  1236
         Reflection        |       |       |    21 |    31 |       ||    52

Table legend: (Time is in decaauts)
 A = Elapsed time spent in this place.
 B = Non-inter-level travel time spent in this place.
 C = Inter-level travel time spent in this place.
 D = Time resting spent in this place.
 E = Time spent auto-exploring this place.
 F = Levels seen in this place.
 G = Mean time per level.
                   A        B        C        D        E       F      G
               +--------+--------+--------+--------+--------+-----+--------+
         Total |  12178 |  11731 |    447 |   1615 |   6579 |  16 |  761.1 |
       Dungeon |  11117 |  10670 |    447 |   1457 |   6230 |  13 |  855.2 |
          Lair |    219 |    219 |      0 |      0 |    149 |   1 |  219.0 |
         Sewer |    507 |    507 |      0 |    100 |    137 |   1 |  507.0 |
        Bailey |    334 |    334 |      0 |     58 |     63 |   1 |  334.0 |
               +--------+--------+--------+--------+--------+-----+--------+

Top non-repeatable levels by time:
     D:4: 1555 daAuts
     D:3: 1242 daAuts
     D:8: 1109 daAuts
    D:12: 1082 daAuts
     D:7: 1011 daAuts
     D:9: 1004 daAuts
    D:11: 865 daAuts
     D:6: 745 daAuts
     D:5: 691 daAuts
     D:1: 667 daAuts
    D:10: 665 daAuts
   Sewer: 507 daAuts
     D:2: 416 daAuts
  Bailey: 334 daAuts
  Lair:1: 219 daAuts
